 Dungeon Crawl Stone Soup version 0.24-a0-537-g2d01d4ab0a (webtiles) character file.

Game seed: 2392406824897191033

41 Mithandil the Skirmisher (level 3, 0/29 HPs)
             Began as a Demonspawn Abyssal Knight on Aug 14, 2019.
             Was a Follower of Lugonu.
             Succumbed to a scorpion's poison
             ... on level 3 of the Dungeon.
             The game lasted 00:06:58 (828 turns).

Mithandil the Skirmisher (Demonspawn Abyssal Knight) Turns: 828, Time: 00:06:58

Health: 0/29       AC:  6    Str: 13    XL:     3   Next: 32%
Magic:  5/5        EV: 10    Int: 13    God:    Lugonu [*.....]
Gold:   40         SH:  0    Dex: 12    Spells: 2/2 levels left

rFire    . . .     SeeInvis .   a - +1 falchion
rCold    . . .     Gourm    .   (no shield)
rNeg     . . .     Faith    .   e - +0 scale mail
rPois    .         Spirit   .   (no helmet)
rElec    .         Reflect  .   (no cloak)
rCorr    .         Harm     .   (no gloves)
MR       .....                  (no boots)
Stlth    ..........             (no amulet)
HPRegen  0.09/turn              (no ring)
MPRegen  0.09/turn              (no ring)

@: lethally poisoned (0 -> -11)
A: powered by death 1, sturdy frame 1
a: Depart the Abyss, Renounce Religion


You were on level 3 of the Dungeon.
You worshipped Lugonu.
Lugonu was aware of your devotion.
You were not hungry.

You visited 1 branch of the dungeon, and saw 3 of its levels.
You visited the Abyss 1 time.

You collected 40 gold pieces.

Inventory:

Hand Weapons
 a - a +1 falchion (weapon)
 b - a +0 arbalest
 d - a +0 club
 i - a cursed -2 short sword
 m - a +0 quarterstaff
Missiles
 f - 15 stones (quivered)
Armour
 e - a +0 scale mail (worn)
 k - a +0 leather armour
Scrolls
 g - a scroll of remove curse
 j - a scroll of noise {unknown}
Potions
 l - a potion of curing {unknown}
 n - a potion of invisibility {unknown}
Comestibles
 c - a ration


   Skills:
 + Level 3.2 Fighting
 * Level 2.2 Long Blades
 + Level 0.4 Crossbows
 + Level 0.8 Throwing
 + Level 2.1 Armour
 + Level 1.2 Dodging
 + Level 2.7 Invocations


You had 2 spell levels left.
You didn't know any spells.
Your spell library was empty.

Dungeon Overview and Level Annotations

Branches:
Dungeon (3/15)

Altars:
Hepliaklqana


Innate Abilities, Weirdness & Mutations

You regenerate a little health from kills.
Your movements are slightly less encumbered by armour. (ER -2)


Message History

You feel sick. The giant cockroach closely misses you.
The scorpion barely misses you.
Your scale mail prevents you from hitting the scorpion.
The scorpion is heavily wounded.
* * * LOW HITPOINT WARNING * * *
You feel sick.
The giant cockroach bites you but does no damage.
An adder comes into view.
The scorpion stings you but does no damage.
The giant cockroach bites you.
* * * LOW HITPOINT WARNING * * *
You closely miss the scorpion.
The scorpion is heavily wounded.
* * * LOW HITPOINT WARNING * * *
You feel sick. The scorpion stings you.
* * * LOW HITPOINT WARNING * * *
The giant cockroach closely misses you. The scorpion barely misses you.
You closely miss the scorpion.
The scorpion is heavily wounded.
You die...

##.## . #...#.##
#...#.. . #.....
.#
#####...####...
#.#.............#
....S..<.........
..#.....)s.......
#####.†@####..
#..?s.....#
#.#.####... #...#
##.## #. #. #.


You could see a scorpion, an adder and a giant cockroach.

Vanquished Creatures
  2 adders (D:2)
  A leopard gecko (D:3)
  A bat (D:2)
  A giant cockroach (D:2)
  2 goblins (D:2)
  A hobgoblin (D:3)
  6 jackals
  A quokka (D:3)
  A frilled lizard (D:1)
  3 kobolds
  A rat (D:1)
20 creatures vanquished.

Notes
Turn   | Place    | Note
-------+----------+-------------------------------------------
     0 | Abyss:1  | Mithandil the Demonspawn Abyssal Knight began the quest for
                  | the Orb.
     0 | Abyss:1  | Reached XP level 1. HP: 18/18 MP: 2/2
    54 | Abyss:2  | Noticed a ynoxinul
    90 | D:1      | Escaped the Abyss
   259 | D:2      | Reached skill level 1 in Dodging
   259 | D:2      | Gained mutation: You regenerate a little health from kills.
                  | [demonic ancestry]
   259 | D:2      | Reached XP level 2. HP: 24/24 MP: 3/3
   387 | D:2      | Found a hazy altar of Hepliaklqana.
   397 | D:2      | Reached * piety under Lugonu
   491 | D:2      | HP: 1/24 [goblin (2)]
   492 | D:2      | Gained mutation: Your movements are slightly less
                  | encumbered by armour. (ER -2) [demonic ancestry]
   492 | D:2      | Reached XP level 3. HP: 2/29 MP: 5/5
   812 | D:3      | Noticed a scorpion
   827 | D:3      | HP: 1/29 [scorpion (1)]
   828 | D:3      | Succumbed to a scorpion's poison

Levels and vault maps discovered:
D:1:      dpeg_arrival_ternary, layout_basic
D:2:      layout_basic, lemuel_crystal_altar, glass_columns_a, nrook_campfire,
          minmay_tromino_v7
D:3:      layout_loops_cross, old_standard_altar, dancing_weapons_uskayaw,
          minmay_misc_feat_roman, kennysheep_cross_room

Skill      XL: |  1  2 |
---------------+-------+-----
Long Blades    | 2 |  2.2
Dodging        | 1 |  1.2
Armour         | 2 |  2.1
Fighting       | |  3.2
Crossbows      | |  0.4
Throwing       | |  0.8
Invocations    | |  2.7

Action                   || total
-------------------------++-------
Melee: Falchion          ||    76
       Long sword        ||     3
Invok: Depart the Abyss  ||     1
  Use: Scroll            ||     1
Armor: Scale mail        ||    59
Dodge: Dodged            ||    75
       Rpst.: Falchion   ||    15

Table legend:
 A = Non-vault XP
 B = Vault XP
 C = Vault XP percentage of total XP
 D = Non-vault monster count
 E = Vault monster count
 F = Vault count percentage of total count
                 A         B        C        D         E       F
            +---------+---------+-------+---------+---------+-------
      Total |      59 |       0 |   0.0 |      20 |       0 |   0.0
            +---------+---------+-------+---------+---------+-------
        D:1 |       4 |       0 |   0.0 |       4 |       0 |   0.0
        D:2 |      40 |       0 |   0.0 |       9 |       0 |   0.0
        D:3 |      15 |       0 |   0.0 |       7 |       0 |   0.0
            +---------+---------+-------+---------+---------+-------
